 Dungeon Crawl Stone Soup version 0.21.1-1-g345015fe64 (webtiles) character file.

492 ILYA101 the Cudgeler (level 6, -8/61 HPs)
             Began as a Troll Fighter on July 10, 2018.
             Mangled by a hornet zombie (11 damage)
             ... in an ossuary.
             The game lasted 00:08:06 (3097 turns).

ILYA101 the Cudgeler (Troll Fighter)                Turns: 3097, Time: 00:08:06

Health: -8/61      AC:  5    Str: 27    XL:     6   Next: 91%
Magic:  5/5        EV: 11    Int:  4    God:
Gold:   90         SH:  0    Dex:  9    Spells: 5/5 levels left

rFire    . . .     SeeInvis .   a - +0 flail
rCold    . . .     Gourm    +   (no shield)
rNeg     . . .     Faith    .   b - +0 robe
rPois    .         Spirit   .   (helmet restricted)
rElec    .         Reflect  .   (no cloak)
rCorr    .         Harm     .   (gloves unavailable)
MR       .....                  (boots unavailable)
Stlth    ++........             (no amulet)
HPRegen  0.60/turn              s - ring of stealth
MPRegen  0.09/turn              (no ring)

@: no status effects
A: large, unfitting armour, claws 3, fast metabolism 3, gourmand, regeneration
1, shaggy fur 1, tough skin 2
a: no special abilities


You were in an ossuary.
You were completely stuffed.

You visited 1 branch of the dungeon, and saw 4 of its levels.
You also visited: Ossuary.

You collected 90 gold pieces.

Inventory:

Hand Weapons
 a - a +0 flail (weapon)
 q - a +0 giant club
Armour
 b - a +0 robe (worn)
 c - a +0 shield
Jewellery
 s - a ring of stealth (left claw)
Scrolls
 e - 3 scrolls of teleportation
 g - 2 scrolls of identify
 l - a scroll of fog {unknown}
 m - a scroll of amnesia {unknown}
 n - 2 scrolls of remove curse {unknown}
 t - a scroll of enchant weapon {unknown}
Potions
 d - a potion of might
 h - 2 potions of ambrosia {unknown}
 i - 4 potions of curing
 j - a potion of heal wounds {unknown}
 k - a potion of flight {unknown}
 o - a potion of magic {unknown}
 p - a potion of berserk rage {unknown}
 r - a potion of brilliance
 u - a potion of degeneration {unknown}
Comestibles
 f - 6 rations


   Skills:
 + Level 3.2 Fighting
 + Level 5.0 Maces & Flails
 + Level 3.5 Dodging
 + Level 0.3 Stealth
 + Level 3.1 Shields


You had 5 spell levels left.
You didn't know any spells.

Dungeon Overview and Level Annotations

Branches:
Dungeon (4/15)
 Temple: D:4-7

Altars:
Ru
Vehumet
Wu Jian


Innate Abilities, Weirdness & Mutations

You are too large for most types of armour.
You have claws for hands.
Your metabolism is lightning-fast.
You like to eat raw meat.
Your natural rate of healing is unusually fast.
You are covered in fur. (AC +1)
You have very tough skin. (AC +2)


Message History

The mummy is severely damaged.
The mummy misses you.
You barely miss the mummy.
The mummy is severely damaged.
The mummy hits you!!
* * * LOW HITPOINT WARNING * * *
You hit the mummy but do no damage.
The mummy is severely damaged.
You sock the mummy!
You destroy the mummy!
Your Maces & Flails skill increases to level 5!
The killer bee zombie hits you.
* * * LOW HITPOINT WARNING * * *
You sock the killer bee zombie!
You destroy the killer bee zombie!
The hornet zombie closely misses you.
You thump the hornet zombie!
The hornet zombie is moderately damaged.
The hornet zombie hits you!
You die...

#.+ #.## '.'
#####.###
#∩..#M'.#
#.∩.'.###
#...#.'.#
##.#####.###
........ZZ@#
'#'#+#'#+###
#. ##


You could see a bullfrog zombie and a hornet zombie.

Vanquished Creatures
  An ogre (D:3)
  An elf skeleton (D:4)
  A bullfrog zombie (Ossuary)
  A human zombie (D:4)
  A hound (D:4)
  A bullfrog skeleton (D:3)
  A killer bee zombie (Ossuary)
  4 mummies (Ossuary)
  6 adders
  A worm (D:2)
  3 dart slugs (D:2)
  4 leopard geckos
  4 orcs (D:3)
  2 ball pythons
  12 bats
  3 giant cockroaches
  10 goblins
  4 hobgoblins
  11 jackals
  8 kobolds
  A quokka (D:3)
  5 frilled lizards
  A leopard gecko skeleton (D:4)
  An orc zombie (D:4)
  8 rats
95 creatures vanquished.

Notes
Turn   | Place    | Note
-------+----------+-------------------------------------------
     0 | D:1      | ILYA101 the Troll Fighter began the quest for the Orb.
     0 | D:1      | Reached XP level 1. HP: 22/22 MP: 0/0
    28 | D:1      | Found a radiant altar of Vehumet.
   161 | D:1      | Reached XP level 2. HP: 29/29 MP: 1/1
   203 | D:1      | Reached skill level 2 in Maces & Flails
   599 | D:2      | Reached XP level 3. HP: 36/36 MP: 2/2
   887 | D:2      | Reached XP level 4. HP: 38/44 MP: 3/3
  1489 | D:3      | Noticed an ogre
  1496 | D:3      | Killed an ogre
  1496 | D:3      | Reached skill level 3 in Maces & Flails
  1496 | D:3      | Reached XP level 5. HP: 33/52 MP: 4/4
  1834 | D:3      | Found an ornate altar of the Wu Jian Council.
  2446 | D:3      | Reached skill level 4 in Maces & Flails
  2761 | D:4      | Found a sacrificial altar of Ru.
  2780 | D:4      | Reached XP level 6. HP: 33/61 MP: 5/5
  2938 | D:4      | Found a sand-covered staircase.
  2952 | Ossuary  | Entered an ossuary
  2968 | Ossuary  | HP: 1/61 [mummy (12)]
  3093 | Ossuary  | HP: 1/61 [mummy (19)]
  3095 | Ossuary  | Reached skill level 5 in Maces & Flails
  3097 | Ossuary  | Mangled by a hornet zombie

Skill      XL: |  1  2  3  4  5  6 |
---------------+-------------------+-----
Maces & Flails | 2 3 4 5 |  5.0
Dodging        | 3 |  3.5
Shields        | 3 |  3.1
Fighting       | 3 |  3.2
Stealth        | |  0.3

Action                   |  1- 3 |  4- 6 || total
-------------------------+-------+-------++-------
Melee: Flail             |   123 |    53 ||   176
       Giant club        |       |   265 ||   265
  Use: Scroll            |       |     5 ||     5
 Stab: Sleeping          |       |     3 ||     3
  Eat: Chunk             |    14 |    22 ||    36
Armor: Robe              |    57 |   150 ||   207
Dodge: Dodged            |    59 |   233 ||   292
Block: Shield            |    67 |    17 ||    84
